 Dungeon Crawl Stone Soup version 0.20-a0-351-gc9b4002 (webtiles) character file.

11 Duffy the Cutter (level 2, 0/23 HPs)
             Began as a Formicid Wanderer on Dec 26, 2016.
             Slain by a jackal (1 damage)
             ... on level 1 of the Dungeon.
             The game lasted 00:00:31 (788 turns).

Duffy the Cutter (Formicid Wanderer)                 Turns: 788, Time: 00:00:32

Health: 0/23       AC:  2    Str: 16    XL:     2   Next: 40%
Magic:  3/3        EV: 11    Int: 10    God:
Gold:   48         SH:  0    Dex: 11    Spells: 1/1 levels left

rFire  . . .     SeeInvis +     b - +0 spear
rCold  . . .     Gourm    .     d - +0 robe
rNeg   . . .     Faith    .     (no shield)
rPois  .         Spirit   .     (helmet unavailable)
rElec  .         Reflect  .     (no cloak)
rCorr  .         Harm     +     (no gloves)
MR     .....                    (no boots)
Stlth  +.........               e - amulet of harm
                                (no ring)
                                (no ring)

@: no status effects
A: permanent stasis, dig shafts and tunnels, four strong arms, antennae 3
a: Dig, Shaft Self


You were on level 1 of the Dungeon.
You were not hungry.

You visited 1 branch of the dungeon, and saw 1 of its levels.

You collected 48 gold pieces.

Inventory:

Hand Weapons
 b - a +0 spear (weapon)
Armour
 d - a +0 robe (worn)
Jewellery
 e - an amulet of harm (around neck)
Wands
 a - a wand of confusion (15/48)
Potions
 c - a potion of lignification
Comestibles
 f - a bread ration
 h - a beef jerky


   Skills:
 + Level 2.5 Fighting
   Level 3.0 Short Blades
   Level 1.0 Crossbows
 - Level 1.1 Armour
 - Level 1.0 Dodging
   Level 1.2 Shields
 + Level 2.1 Evocations


You had one spell level left.
You didn't know any spells.

Dungeon Overview and Level Annotations

Branches:
Dungeon (1/15)

Altars:


Innate Abilities, Weirdness & Mutations

You cannot be hasted, slowed, berserked, paralysed or teleported.
You can dig through walls and to a lower floor.
Your four strong arms can wield two-handed weapons with a shield.
You have a pair of large antennae on your head. (SInv)


Message History

You hit the jackal.
The jackal is severely wounded.
The jackal barely misses you. x2; The jackal bites you.
The frilled lizard closely misses you. The jackal completely misses you.
The jackal bites you.
You closely miss the jackal.
The jackal is severely wounded.
The jackal completely misses you. The jackal closely misses you.
The jackal bites you but does no damage.
The frilled lizard bites you. The jackal bites you.
You hit the jackal but do no damage.
The jackal is severely wounded.
The jackal bites you. x2; The jackal completely misses you.
The frilled lizard bites you. The jackal closely misses you.
The jackal barely misses you.
You barely miss the jackal.
The jackal is severely wounded.
The jackal bites you but does no damage.
The jackal closely misses you. The jackal bites you.
You die...

#......##............#
#......##............#
#......##............#
#......##............#
#..)....#......%..#
#......)..###.....#
#####.......##......#####
.....##.....##...l........
####.##.....##..@h........
......'.....##.hh##.......
..#..##.....##...# .......
....%##.....##.... .>..$..
..#.###.....##.... ...####
..#.# #.)...##.....h..#
....#####(####..... .#
#.......#.# #......
.....#.##.#


You could see 3 jackals and a frilled lizard.

Vanquished Creatures
  2 leopard geckos (D:1)
  A giant cockroach (D:1)
  A hobgoblin (D:1)
  A jackal (D:1)
  3 kobolds (D:1)
  A rat (D:1)
9 creatures vanquished.

Notes
Turn   | Place    | Note
-------+----------+-------------------------------------------
     0 | D:1      | Duffy the Formicid Wanderer began the quest for the Orb.
     0 | D:1      | Duffy set off with: a wand of confusion (15/48), a +0 spear, a potion of lignification, a +0 robe, a bread ration
     0 | D:1      | Reached XP level 1. HP: 16/16 MP: 1/1
   396 | D:1      | Reached XP level 2. HP: 11/23 MP: 3/3
   573 | D:1      | Reached skill level 2 in Evocations
   787 | D:1      | HP: 1/23 [frilled lizard (1)]
   788 | D:1      | Slain by a jackal

Vault maps used:
D:1:      dpeg_arrival_yet_another_circle

Skill      XL: |  1  2 |
---------------+-------+-----
Evocations     | 2 |  2.1
Fighting       | |  2.5
Short Blades   | |  3.0
Crossbows      | |  1.0
Armour         | |  1.1
Dodging        | |  1.0
Shields        | |  1.2

Action                   || total
-------------------------++-------
Melee: Spear             ||    44
 Abil: Dig               ||     1
Armor: Robe              ||    17
Dodge: Dodged            ||    49
